 Dungeon Crawl Stone Soup version 0.24-a0-201-gf205589 (webtiles) character file.

Game seed: 6036329435877534560

293 EazyBreezy the Grave Robber (level 6, -8/44 HPs)
             Began as a Demonspawn Necromancer on Mar 25, 2019.
             Mangled by a kobold
             ... wielding a +0 short sword of distortion
              (14 damage)
             ... on level 2 of the Dungeon.
             The game lasted 00:10:11 (2790 turns).

EazyBreezy the Grave Robber (DsNe)                  Turns: 2790, Time: 00:10:11

Health: -8/44      AC:  5    Str:  8    XL:     6   Next: 11%
Magic:  1/10       EV: 12    Int: 18    God:
Gold:   108        SH:  5    Dex: 14    Spells: 2/11 levels left

rFire    . . .     SeeInvis .   m - +0 flail (protect)
rCold    . . .     Gourm    .   (no shield)
rNeg     . . .     Faith    .   h - +2 leather armour {rPois}
rPois    +         Spirit   .   (helmet restricted)
rElec    .         Reflect  +   (no cloak)
rCorr    .         Harm     .   (no gloves)
MR       +....                  (no boots)
Stlth    ++........             k - +5 amulet of reflection
HPRegen  0.14/turn              d - ring of protection from magic
MPRegen  0.12/turn              (no ring)

@: very slightly contaminated
A: horns 1, powered by death 2
a: no special abilities


You were on level 2 of the Dungeon.
You were not hungry.

You visited 1 branch of the dungeon, and saw 2 of its levels.

You collected 108 gold pieces.

Inventory:

Hand Weapons
 m - a +0 flail of protection (weapon)
Armour
 h - a +2 leather armour of poison resistance (worn)
Jewellery
 d - a ring of protection from magic (left hand)
 k - a +5 amulet of reflection (around neck)
 n - an uncursed ring of fire {unknown}
Wands
 p - a wand of polymorph (8)
Scrolls
 e - a scroll of remove curse
 g - 2 scrolls of teleportation
 i - a scroll of amnesia
 o - a scroll of immolation {unknown}
Potions
 a - a potion of magic {unknown}
 b - 2 potions of might
 c - 2 potions of heal wounds
 f - a potion of invisibility {unknown}
 l - a potion of curing {unknown}
Comestibles
 j - 4 rations


   Skills:
 * Level 2.1 Fighting
   Level 0.1 Short Blades
 * Level 1.0 Maces & Flails
 * Level 1.2 Armour
 * Level 2.2 Dodging
 * Level 2.2 Stealth
 * Level 3.1 Spellcasting
 * Level 6.0 Necromancy


You had 2 spell levels left.
You knew the following spells:

 Your Spells              Type           Power        Failure   Level  Hunger
a - Pain                  Necr           ###.         1%          1    None
b - Animate Skeleton      Necr           N/A          1%          1    None
c - Regeneration          Chrm/Necr      ##........   21%         3    ###....
d - Animate Dead          Necr           N/A          19%         4    ####...

Your spell library contained the following spells:

 Spells                   Type           Power        Failure   Level  Hunger
 Vampiric Draining        Necr           ###.......   5%          3    ###....


Dungeon Overview and Level Annotations

Branches:
Dungeon (2/15)

Altars:


Innate Abilities, Weirdness & Mutations

You have a pair of small horns on your head.
You regenerate health from kills.


Message History

You miscast Regeneration.
You sense a malignant aura.
The kobold hits you but does no damage. Space bends around you.
You hit the kobold.
The kobold is moderately wounded.
The kobold barely misses you.
You barely miss the kobold.
The kobold is moderately wounded.
The kobold misses you. The kobold closely misses you.
You miss the kobold.
The kobold is moderately wounded.
The kobold hits you but does no damage. Space bends around you.
You closely miss the kobold. Your headbutt misses the kobold.
The kobold is moderately wounded.
The kobold hits you with a +0 short sword of distortion.
Space warps horribly around you!
* * * LOW HITPOINT WARNING * * *
You completely miss the kobold.
The kobold is moderately wounded.
The kobold hits you but does no damage. Space warps horribly around you!
You die...

.###.....###.#
#.'#...#Z.###
...#...#...#
>.##...##.>#
#....#####
.######...##
.......Z###
#######Z#
#..gK@Z#
......####
###.# #


You could see a goblin, a kobold and 3 friendly orc zombies.

Vanquished Creatures
  An ice beast (D:2)
  An orc priest (D:2)
  7 gnolls (D:2)
  2 adders (D:2)
  An ooze (D:1)
  3 dart slugs (D:1)
  4 leopard geckos
  4 orcs (D:2)
  3 bats
  2 giant cockroaches
  10 hobgoblins
  11 jackals
  3 ball pythons
  A frilled lizard (D:2)
  5 goblins
  8 kobolds
  5 rats
71 creatures vanquished.

Vanquished Creatures (collateral kills)
  A goblin (D:1)
1 creature vanquished.

Grand Total: 72 creatures vanquished

Notes
Turn   | Place    | Note
-------+----------+-------------------------------------------
     0 | D:1      | EazyBreezy the Demonspawn Necromancer began the quest for
                  | the Orb.
     0 | D:1      | Reached XP level 1. HP: 13/13 MP: 3/3
   244 | D:1      | Gained mutation: You have a pair of small horns on your
                  | head. [demonic ancestry]
   244 | D:1      | Reached XP level 2. HP: 15/19 MP: 0/5
   393 | D:1      | Learned a level 1 spell: Animate Skeleton
   474 | D:1      | Reached skill level 5 in Necromancy
   834 | D:1      | Gained mutation: You regenerate a little health from kills.
                  | [demonic ancestry]
   834 | D:1      | Reached XP level 3. HP: 7/25 MP: 0/6
  1181 | D:1      | Learned a level 3 spell: Regeneration
  1537 | D:2      | Gained mutation: You regenerate health from kills. [demonic
                  | ancestry]
  1537 | D:2      | Reached XP level 4. HP: 24/31 MP: 0/7
  1634 | D:2      | Noticed an ice beast
  1653 | D:2      | Killed an ice beast
  1653 | D:2      | Reached skill level 1 in Fighting
  1653 | D:2      | Reached XP level 5. HP: 18/37 MP: 0/9
  1982 | D:2      | Learned a level 4 spell: Animate Dead
  2149 | D:2      | Reached skill level 1 in Maces & Flails
  2161 | D:2      | Reached skill level 1 in Armour
  2305 | D:2      | Reached skill level 6 in Necromancy
  2520 | D:2      | Reached XP level 6. HP: 41/44 MP: 0/10
  2790 | D:2      | Mangled by a kobold

Levels and vault maps discovered:
D:1:      grunt_arrival_lava_bath, layout_rooms, minmay_misc_feat_tower,
          minivault_5, hex_large
D:2:      layout_basic, grunt_ministairs_6

Skill      XL: |  1  2  3  4  5 |
---------------+----------------+-----
Necromancy     | 5 6 |  6.0
Dodging        | 2 |  2.2
Stealth        | 2 |  2.2
Fighting       | 1 2 |  2.1
Spellcasting   | 3 |  3.1
Maces & Flails | 1 |  1.0
Armour         | 1 |  1.2
Short Blades   | |  0.1

Action                   |  1- 3 |  4- 6 || total
-------------------------+-------+-------++-------
Melee: Dagger            |    31 |       ||    31
       Headbutt          |     4 |     6 ||    10
       Flail             |       |    51 ||    51
 Cast: Pain              |    64 |    63 ||   127
       Animate Skeleton  |    11 |     5 ||    16
       Regeneration      |       |     2 ||     2
       Animate Dead      |       |     3 ||     3
  Use: Scroll            |     6 |       ||     6
  Eat: Ration            |     1 |     1 ||     2
       Chunk             |       |     1 ||     1
Armor: Leather armour    |    20 |    30 ||    50
Dodge: Dodged            |    25 |    54 ||    79
Block: Other             |       |    14 ||    14
       Reflection        |       |     3 ||     3

Table legend:
 A = Non-vault XP
 B = Vault XP
 C = Vault XP percentage of total XP
 D = Non-vault monster count
 E = Vault monster count
 F = Vault count percentage of total count
                 A         B        C        D         E       F
            +---------+---------+-------+---------+---------+-------
      Total |     416 |       3 |   0.7 |      70 |       2 |   2.8
            +---------+---------+-------+---------+---------+-------
        D:1 |      68 |       0 |   0.0 |      32 |       0 |   0.0
        D:2 |     348 |       3 |   0.9 |      38 |       2 |   5.0
            +---------+---------+-------+---------+---------+-------
